 Dungeon Crawl Stone Soup version 0.30.0-20-g3615ddf2f0 (webtiles) character file.

Game seed: 9857127083027315731

162 qw the Chopper (level 5, -1/32 HPs)
             Began as a Gargoyle Fighter on May 28, 2023.
             Slain by a gnoll
             ... wielding a +0 spear
              (6 damage)
             ... on level 3 of the Dungeon.
             The game lasted 00:01:02 (2340 turns).

qw the Chopper (Gargoyle Fighter)                   Turns: 2340, Time: 00:01:03

Health: -1/32      AC: 10    Str: 22    XL:     5   Next: 43%
Magic:  5/5        EV:  9    Int:  8    God:
Gold:   83         SH:  4    Dex:  9    Spells: 4/4 levels left

rFire   . . .        Y - +0 war axe
rCold   . . .        c - +0 buckler
rNeg    + . .        b - +0 scale mail
rPois   inf          (no helmet)
rElec   +            (no cloak)
rCorr   .            (no gloves)
SInv    .            (no boots)
Will    .....        (no amulet) Stlth
                     (no ring)
HPRegen 0.25/turn    (no ring)
MPRegen 0.09/turn

%: no passive effects
@: no status effects
A: sickness immunity, AC +4, negative energy resistance 1, electricity
resistance, torment resistance 1, petrification resistance
a: no special abilities


You were on level 3 of the Dungeon.
You visited 1 branch of the dungeon, and saw 3 of its levels.

You collected 83 gold pieces.


Innate Abilities, Weirdness & Mutations

You are immune to sickness and miasma.
Your stone body is resilient. (AC +4)
You are immune to poison.
You resist negative energy. (rN+)
You are resistant to electric shocks. (rElec)
You are resistant to unholy torment.
You are immune to petrification.


   Skills:
 + Level 3.3 Fighting
 - Level 5.0 Axes
 - Level 3.2 Armour
 - Level 3.2 Shields


You had 4 spell levels left.
You didn't know any spells.
Your spell library was empty.

Inventory:

Hand Weapons
 f - a +0 whip
 Y - a +0 war axe (weapon)
Armour
 b - a +0 scale mail (worn)
 c - a +0 buckler (worn)
Jewellery
 i - a ring of ice
Scrolls
 a - a scroll of identify
Potions
 d - 2 potions of might
 e - a potion of heal wounds {unknown}
 g - a potion of curing
 j - a potion of resistance

Dungeon Overview and Level Annotations

Branches:
Dungeon (3/15)

Altars:


Message History

The endoplasm hits you. The gnoll closely misses you.
You block the gnoll's attack.
You hit the endoplasm but do no damage.
The endoplasm is almost dead.
You hit the bat. You slash the goblin!
You kill the goblin!
You hit the gnoll. The bat hits you but does no damage.
The gnoll closely misses you. The endoplasm freezes you.
You are frozen.
The gnoll completely misses you.
You hit the endoplasm.
You kill the endoplasm!
You barely miss the gnoll. The bat closely misses you.
The gnoll hits you with a +0 flail. The gnoll hits you but does no damage.
You slash the gnoll!
You kill the gnoll!
You block the bat's attack.
The gnoll hits you from afar with a +0 spear. x2
Your Axes skill increases to level 5!
You hit the bat.
You kill the bat!
You block the gnoll's attack. The gnoll hits you but does no damage.
You barely miss the gnoll. You block the gnoll's attack.
You closely miss the gnoll. The gnoll barely misses you.
You completely miss the gnoll. You block the gnoll's attack.
The gnoll hits you with a +0 spear.
You hit the gnoll.
The gnoll is moderately wounded.
The gnoll hits you with a +0 spear.
You hit the gnoll but do no damage.
The gnoll is moderately wounded.
The gnoll barely misses you.
You hit the gnoll.
The gnoll is severely wounded.
The gnoll hits you with a +0 spear.
You die...

......).....#
............#
.....)......#
............#
............#
............#
.......)....#
.......@....##
......g))....+
............##
............#
............#########
.....................
.............########
.............#
........^..#


You could see a gnoll.

Vanquished Creatures
  Terence (D:2)
  2 gnolls (D:3)
  4 adders
  A worm (D:2)
  2 dart slugs (D:1)
  4 orcs
  4 endoplasms
  3 giant cockroaches (D:1)
  8 goblins
  4 hobgoblins
  11 jackals (D:1)
  5 kobolds
  3 ball pythons
  10 bats
  A frilled lizard (D:2)
  3 rats
66 creatures vanquished.

Notes
Turn   | Place    | Note
-------+----------+-------------------------------------------
     0 | D:1      | qw the Gargoyle Fighter began the quest for the Orb.
     0 | D:1      | Reached XP level 1. HP: 14/14 MP: 1/1
     0 | D:1      | 0 ||| qw: Version: 0.2-a-101-gf8a7cd0
     0 | D:1      | 0 ||| qw: Game counter: 265
     0 | D:1      | 0 ||| qw: Always use a shield: true
     0 | D:1      | 0 ||| qw: God list: Okawaru
     0 | D:1      | 0 ||| qw: Allow faded altars: false
     0 | D:1      | 0 ||| qw: Do Orc after D:15 true
     0 | D:1      | 0 ||| qw: Do second Lair branch before Depths: true
     0 | D:1      | 0 ||| qw: Lair rune preference: random
     0 | D:1      | 0 ||| qw: Plans: Normal, Zot:1-4, Slime:5, God:TSO, Crypt,
                  | Tomb, Pan, Hells, Abyss, Win
     0 | D:1      | 0 ||| PLANNING D:1-11
   116 | D:1      | Reached skill level 2 in Axes
   143 | D:1      | 143 ||| Stepping ~*~*~tactically~*~*~ (hiding).
   150 | D:1      | Reached XP level 2. HP: 19/19 MP: 2/2
   266 | D:1      | 266 ||| Stepping ~*~*~tactically~*~*~ (stealth).
   380 | D:1      | 380 ||| Stepping ~*~*~tactically~*~*~ (hiding).
   386 | D:1      | Reached skill level 3 in Axes
   716 | D:1      | Reached XP level 3. HP: 23/23 MP: 3/3
   976 | D:1      | 976 ||| READING 3 scrolls labelled LYTANETIEG.
   977 | D:1      | 977 ||| READING scroll labelled RANWEM WUVE.
   981 | D:1      | 981 ||| READING scroll labelled CAVVICOPL JEPHO.
   982 | D:1      | 982 ||| READING scroll labelled HOPHEIV JUIQ.
  1083 | D:1      | 1083 ||| READING 2 scrolls of identify.
  1083 | D:1      | 1083 ||| IDENTIFYING smoky blue potion
  1222 | D:2      | 1222 ||| Stepping ~*~*~tactically~*~*~ (hiding).
  1331 | D:2      | 1331 ||| DROPPING +0 club.
  1418 | D:2      | 1418 ||| Stepping ~*~*~tactically~*~*~ (hiding).
  1672 | D:2      | Reached XP level 4. HP: 25/28 MP: 4/4
  1741 | D:2      | 1741 ||| Stepping ~*~*~tactically~*~*~ (stealth).
  1821 | D:2      | Reached skill level 4 in Axes
  1825 | D:2      | Noticed Terence
  1830 | D:2      | Killed Terence
  2161 | D:2      | 2161 ||| READING scroll labelled HOTSEOVVOGG.
  2162 | D:2      | 2162 ||| READING 3 scrolls of identify.
  2162 | D:2      | 2162 ||| IDENTIFYING red potion
  2163 | D:2      | 2163 ||| READING 2 scrolls of identify.
  2163 | D:2      | 2163 ||| IDENTIFYING clear potion
  2164 | D:2      | 2164 ||| DROPPING potion of ambrosia.
  2223 | D:3      | Reached XP level 5. HP: 32/32 MP: 5/5
  2307 | D:3      | 2307 ||| Stepping ~*~*~tactically~*~*~ (stealth).
  2333 | D:3      | Reached skill level 5 in Axes
  2337 | D:3      | HP: 8/32 [gnoll/+0 spear (2)]
  2340 | D:3      | Slain by a gnoll

Levels and vault maps discovered:
D:1:      mainiacjoe_arrival_reflecting_pool, layout_loops_ring, minivault_4
D:2:      layout_loops_ring, minmay_small_reverse_x, uniq_terence
D:3:      layout_basic, minmay_distorted

Skill      XL: |  1  2  3  4  5 |
---------------+----------------+-----
Axes           | 2 3 4 5 |  5.0
Fighting       | |  3.3
Armour         | |  3.2
Shields        | |  3.2

Action                     |  1- 3 |  4- 6 || total
---------------------------+-------+-------++-------
  Melee: War axe           |    95 |    82 ||   177
    Use: Scroll            |     5 |     3 ||     8
 Armour: Scale mail        |    45 |    44 ||    89
  Dodge: Dodged            |    47 |    38 ||    85
  Block: Buckler           |    20 |    29 ||    49

Table legend:
 A = Non-vault XP
 B = Vault XP
 C = Vault XP percentage of total XP
 D = Non-vault monster count
 E = Vault monster count
 F = Vault count percentage of total count
                 A         B        C        D         E       F
            +---------+---------+-------+---------+---------+-------
      Total |     190 |      42 |  18.1 |      61 |       5 |   7.6
            +---------+---------+-------+---------+---------+-------
        D:1 |      47 |       0 |   0.0 |      23 |       0 |   0.0
        D:2 |      74 |      42 |  36.2 |      22 |       5 |  18.5
        D:3 |      69 |       0 |   0.0 |      16 |       0 |   0.0
            +---------+---------+-------+---------+---------+-------
